 Dungeon Crawl Stone Soup version 0.21.1-1-g345015f (webtiles) character file.

44 Iko the Charmwright (level 3, 0/16 HPs)
             Began as a Felid Skald on May 7, 2018.
             Was an Initiate of Okawaru.
             Slain by an orc
             ... wielding a +0 club
              (4 damage)
             ... on level 5 of the Dungeon.
             The game lasted 00:05:38 (600 turns).

Iko the Charmwright (Felid Skald)                    Turns: 600, Time: 00:05:39

Health: 0/16       AC:  1    Str:  8    XL:     3   Next: 39%
Magic:  0/7        EV: 19    Int: 14    God:    Okawaru [......]
Gold:   33         SH:  0    Dex: 15    Spells: 5/6 levels left
                                        Lives:  0   Deaths: 0

rFire    . . .     SeeInvis +     - Unarmed
rCold    . . .     Gourm    .   (shield unavailable)
rNeg     . . .     Faith    .   (armour unavailable)
rPois    .         Spirit   .   (helmet unavailable)
rElec    .         Reflect  .   (cloak unavailable)
rCorr    .         Harm     .   (gloves unavailable)
MR       .....                  (boots unavailable)
Stlth    ++........             (no amulet)
HPRegen  0.05/turn              (no ring)
MPRegen  0.10/turn              (no ring)

@: infused (expiring), quick
A: very small, no armour, no weapons or thrown items, stealth, claws 1, fangs 3,
see invisible, carnivore, speed 1, shaggy fur 1, slow metabolism 1, sharp paws
a: Renounce Religion


You were on level 5 of the Dungeon.
You worshipped Okawaru.
Okawaru was noncommittal.
You were not hungry.

You visited 1 branch of the dungeon, and saw 5 of its levels.

You collected 33 gold pieces.

Inventory:

Scrolls
 d - a scroll of remove curse
Potions
 c - a potion of heal wounds
Books
 a - a book of Battle

   Spells                             Type                      Level
   a - Infusion                       Charms                       1
   b - Shroud of Golubria             Charms/Translocation         2
   c - Song of Slaying                Charms                       2
   d - Spectral Weapon                Hexes/Charms                 3
   e - Regeneration                   Charms/Necromancy            3
Comestibles
 b - 4 rations


   Skills:
 + Level 2.0 Fighting
 + Level 3.7 Dodging
 + Level 0.6 Stealth
 + Level 2.6 Unarmed Combat
 + Level 2.3 Spellcasting
 + Level 4.1 Charms


You had 5 spell levels left.
You knew the following spells:

 Your Spells              Type           Power        Failure   Level  Hunger
a - Infusion              Chrm           ##..         4%          1    #......


Dungeon Overview and Level Annotations

Branches:
Dungeon (5/15)
 Temple: D:4-7

Altars:
Okawaru
Trog


Innate Abilities, Weirdness & Mutations

You cannot wear armour.
You are incapable of wielding weapons or throwing items.
Your paws allow you to move quietly. (Stealth)
You have sharp claws.
You have razor-sharp teeth.
You have supernaturally acute eyesight. (SInv)
You are carnivorous and can eat meat at any time.
You cover ground quickly.
You are covered in fur. (AC +1)
You have a slow metabolism.
Your sharp claws are effective at attacking unaware monsters.


Message History

You scratch the centaur skeleton but do no damage.
You bite the centaur skeleton.
The centaur skeleton is almost destroyed.
The howler monkey hoots and howls with incredible vigour!
The centaur skeleton hits you.
* * * LOW HITPOINT WARNING * * *
The orc closely misses you. The howler monkey misses you.
The centaur skeleton misses you. The howler monkey barely misses you.
You climb downwards.
Your magical infusion is running out.
Found a stone staircase leading down.
There is a stone staircase leading up here.
You scratch the howler monkey. You bite the howler monkey.
The howler monkey is moderately wounded.
The orc barely misses you. The howler monkey closely misses you.
You scratch the howler monkey.
The howler monkey is heavily wounded.
The orc hits you with a club.
You die...

#.#######
#..h@o..#
#.#####..>..
###


You could see a howler monkey and an orc.

Vanquished Creatures
  A centaur skeleton (D:4)
  A leopard gecko (D:3)
  4 bats
  A giant cockroach (D:2)
  A goblin (D:1)
  2 hobgoblins (D:1)
  3 kobolds (D:1)
  2 frilled lizards
  3 rats
18 creatures vanquished.

Notes
Turn   | Place    | Note
-------+----------+-------------------------------------------
     0 | D:1      | Iko the Felid Skald began the quest for the Orb.
     0 | D:1      | Reached XP level 1. HP: 9/9 MP: 4/4
   191 | D:1      | Reached XP level 2. HP: 5/13 MP: 0/6
   425 | D:3      | Found an iron altar of Okawaru.
   425 | D:3      | Found a bloodstained altar of Trog.
   459 | D:3      | Became a worshipper of Warmaster Okawaru
   571 | D:4      | Reached skill level 4 in Charms
   571 | D:4      | Reached XP level 3. HP: 10/16 MP: 0/7
   587 | D:4      | Noticed an ogre
   598 | D:5      | Entered Level 5 of the Dungeon
   600 | D:5      | Slain by an orc

Skill      XL: |  1  2 |
---------------+-------+-----
Charms         | 4 |  4.1
Fighting       | |  2.0
Dodging        | |  3.7
Stealth        | |  0.6
Unarmed Combat | |  2.6
Spellcasting   | |  2.3

Action                   || total
-------------------------++-------
Melee: Unarmed           ||    71
       Bite              ||    10
 Cast: Infusion          ||     7
  Use: Scroll            ||     2
       Potion            ||     1
 Stab: Sleeping          ||     2
Armor: Skin              ||     4
Dodge: Dodged            ||    88
